 Dungeon Crawl Stone Soup version 0.30.1-11-g7821555f0a (webtiles) character file.

Game seed: 8000744505514309382

94 comborobin the Chopper (level 4, -2/39 HPs)
             Began as a Hill Orc Delver on Dec 28, 2023.
             Slain by an orc
             ... wielding a +0 mace
              (8 damage)
             ... on level 4 of the Dungeon.
             The game lasted 00:01:47 (927 turns).

comborobin the Chopper (Hill Orc Delver)             Turns: 927, Time: 00:01:47

Health: -2/39      AC:  3    Str: 16    XL:     4   Next: 63%
Magic:  4/4        EV: 11    Int: 10    God:
Gold:   11         SH:  0    Dex: 12    Spells: 3/3 levels left

rFire   . . .        f - +1 dagger (venom)
rCold   . . .        (no shield)
rNeg    . . .        b - +0 leather armour
rPois   .            (no helmet)
rElec   .            (no cloak)
rCorr   .            (no gloves)
SInv    .            (no boots)
Will    .....        (no amulet)
Stlth   ++           (no ring)
HPRegen 0.26/turn    (no ring)
MPRegen 0.09/turn

%: no passive effects
@: no status effects
A: no striking features
a: no special abilities


You were on level 4 of the Dungeon.
You visited 1 branch of the dungeon, and saw 6 of its levels.

You collected 11 gold pieces.

Inventory:

Hand Weapons
 a - a +0 hand axe
 f - a +1 dagger of venom (weapon)
Armour
 b - a +0 leather armour (worn)
Wands
 g - a wand of digging (2)
Scrolls
 c - a scroll of fog
 d - a scroll of magic mapping
 e - a scroll of fear
 i - a scroll of blinking {unknown}
 k - a scroll of identify {unknown}
 m - a scroll of vulnerability {unknown}
Potions
 h - a potion of brilliance {unknown}
 j - 2 potions of lignification {unknown}
 l - a potion of curing {unknown}


   Skills:
 - Level 3.6 Fighting
 + Level 6.2 Axes
 - Level 1.5 Dodging
 - Level 4.1 Stealth


You had 3 spell levels left.
You didn't know any spells.
Your spell library contained the following spells:

 Spells                   Type           Power      Damage    Failure   Level
 Necrotise                Necr           0%         1d4       43%         1
 Vampiric Draining        Necr           0%         2d6       80%         3
 Agony                    Necr           0%         N/A       100%        5


Dungeon Overview and Level Annotations

Branches:
Dungeon (6/15)
 Temple: D:4-7

Altars:

Annotations:
D:5 Blork the orc


Message History

The orc hits you with a +0 falchion.
You are too injured to fight recklessly!
You hit the orc.
You kill the orc!
You are too injured to fight recklessly!
You hit the orc.
The orc is poisoned.
The orc is moderately wounded.
Your extra speed is starting to run out.
The orc hits you but does no damage.
You are too injured to fight recklessly!
You hit the orc but do no damage.
The orc looks as sick as possible!
The orc is moderately wounded.
You kill the orc!
You are too injured to fight recklessly!
You hit the hobgoblin but do no damage.
The hobgoblin is poisoned.
The hobgoblin hits you.
* * * LOW HITPOINT WARNING * * *
You are too injured to fight recklessly!
You hit the hobgoblin.
The hobgoblin looks as sick as possible!
The hobgoblin is heavily wounded.
You are too injured to fight recklessly!
You closely miss the hobgoblin.
The hobgoblin is heavily wounded.
The hobgoblin hits you.
* * * LOW HITPOINT WARNING * * *
You are too injured to fight recklessly!
You barely miss the hobgoblin.
The hobgoblin is heavily wounded.
The hobgoblin barely misses you.
You kill the hobgoblin!
You feel yourself slow down.
You see here a +0 dagger.
The orc hits you with a +0 mace.
* * * LOW HITPOINT WARNING * * *
You see here a +0 dagger.
You hit the orc.
The orc is moderately wounded.
The orc hits you with a +0 mace!
You die...

#.... ............).[...
#.... #.##......####.....
#.##......'....o..o
#.##......####.....
#.#####.o.# #..... #.#
#g### #.#### ##.####.# #.#
#.# # #.......#####.#
#'#### #......@oo.).# ....
################# ##..
#.......).......# #..
#.......######### ...##..
#...............##...##..
#########..#########...##.
#.............# #8...8#
#...........### ####...####
#...........#8###8##...##8#


You could see 2 orcs.

Vanquished Creatures
  A hound (D:4)
  An orc wizard (D:4)
  2 orcs (D:4)
  2 endoplasms
  2 giant cockroaches (D:1)
  2 goblins
  4 hobgoblins
  6 jackals (D:1)
  3 quokkas
  2 ball pythons
  A frilled lizard (D:2)
  4 kobolds
  A rat (D:1)
31 creatures vanquished.

Notes
Turn   | Place    | Note
-------+----------+-------------------------------------------
     0 | D:5      | comborobin the Hill Orc Delver began the quest for the Orb.
     0 | D:5      | Reached XP level 1. HP: 19/19 MP: 1/1
    15 | D:5      | Noticed a sleepcap
    24 | D:5      | Noticed Blork the orc
   376 | D:3      | Reached skill level 3 in Axes
   421 | D:1      | Reached XP level 2. HP: 23/26 MP: 2/2
   434 | D:1      | Reached skill level 4 in Axes
   530 | D:2      | Reached XP level 3. HP: 31/31 MP: 3/3
   710 | D:4      | Reached skill level 5 in Axes
   710 | D:4      | Reached XP level 4. HP: 25/39 MP: 4/4
   854 | D:4      | Reached skill level 6 in Axes
   927 | D:4      | Slain by an orc

Illustrated notes

Levels and vault maps discovered:
D:1:      dpeg_arrival_chambers_temple_mockup, layout_rooms, serial_bayou_pond_a
D:2:      layout_basic, basic_altar
D:3:      layout_basic, cheibrodos_gnoll_hut
D:4:      layout_basic, lemuel_coloured_pillars_altar, serial_corexii_hall,
          corexii_hall_statues_x, corexii_hall_statues_i, dk_vineyard_3,
          minmay_misc_feat_cross, uniq_grinder
D:5:      layout_rooms, nicolae_hepliaklqana_monster_ancestors, zin_treasury,
          nicolae_dithmenos_the_darkroom, minmay_temple_entry_statues_fountains,
          ebering_ghost_disaster_area, minmay_misc_feat_roman,
          minmay_lizard_king, uniq_edmund, uniq_blork_the_orc
D:6:      nicolae_whirlpool, layout_loops_ring, mainiacjoe_overflow_catwalk,
          uniq_maggie

Skill      XL: |  1  2  3  4 |
---------------+-------------+-----
Axes           | 3 4 5 6 |  6.2
Fighting       | |  3.6
Dodging        | |  1.5
Stealth        | |  4.1

Action                     |  1- 3 |  4- 6 || total
---------------------------+-------+-------++-------
  Melee: Hand axe          |    74 |     7 ||    81
         Punch             |     1 |       ||     1
         Dagger            |       |    13 ||    13
  Evoke: Wand              |     1 |       ||     1
    Use: Potion            |       |     1 ||     1
   Stab: Sleeping          |     1 |       ||     1
 Armour: Leather armour    |    20 |     6 ||    26
  Dodge: Dodged            |    46 |    11 ||    57
